 Dungeon Crawl Stone Soup version 0.29.0-11-gd7f09526c8 (webtiles) character file.

Game seed: 2699490416712218814

2384 LustLizard the Prestidigitator (level 9, -1/59 HPs)
             Began as a Gnoll Wanderer on Sept 3, 2022.
             Was a Follower of Hepliaklqana.
             Killed from afar by Maggie (22 damage)
             ... with a bolt of fire
             ... on level 6 of the Dungeon.
             The game lasted 00:18:01 (6925 turns).

LustLizard the Prestidigitator (Gnoll Wanderer)     Turns: 6925, Time: 00:18:02

Health: -1/59      AC:  9    Str: 12    XL:     9   Next: 45%
Magic:  1/17       EV: 12    Int: 15    God:    Hepliaklqana [*.....]
Gold:   281        SH:  0    Dex: 12    Spells: 9/18 levels left

rFire   . . .      SeeInvis .   I - +4 falchion (flame)
rCold   . . .      Faith    .   (no shield)
rNeg    . . .      Spirit   .   k - +0 ring mail
rPois   .          Reflect  .   (no helmet)
rElec   .          Harm     .   v - +2 cloak
rCorr   .          Rampage  .   (no gloves)
Will    .....                   (no boots)
Stlth   ++........              r - amulet of regeneration
HPRegen 0.99/turn               (no ring)
MPRegen 0.15/turn               (no ring)

@: very slightly contaminated
A: reduced essence, fangs 1, strong nose, distributed training
a: Renounce Religion, Recall Ancestor, Ancestor Identity


You were on level 6 of the Dungeon.
You worshipped Hepliaklqana.
Hepliaklqana was aware of your devotion.
You visited 2 branches of the dungeon, and saw 7 of its levels.

You collected 281 gold pieces.

Inventory:

Hand Weapons
 a - a +0 dagger
 o - a +3 dagger of venom
 F - a +2 vorpal war axe
 I - a +4 falchion of flaming (weapon)
Armour
 b - a +0 cloak
 d - a +0 robe
 k - a +0 ring mail (worn)
 l - a +0 leather armour
 v - a +2 cloak (worn)
Jewellery
 r - an amulet of regeneration (around neck)
 y - a ring of ice
 z - a ring of fire
 A - an amulet of reflection
 E - an amulet of faith
Wands
 e - a wand of flame (30) (quivered)
 h - a wand of mindburst (15)
 w - a wand of iceblast (5)
 B - a wand of quicksilver (14)
Scrolls
 c - a scroll of teleportation
 f - 2 scrolls of summoning {unknown}
 n - 3 scrolls of enchant weapon
 q - 3 scrolls of enchant armour {unknown}
 s - 2 scrolls of vulnerability {unknown}
 t - 2 scrolls of amnesia {unknown}
 D - 2 scrolls of immolation {unknown}
 H - a scroll of acquirement {unknown}
 J - a scroll of identify
Potions
 g - 4 potions of mutation
 i - 3 potions of lignification
 j - 2 potions of berserk rage
 m - 2 potions of flight
 p - 2 potions of heal wounds
 u - 2 potions of magic {unknown}
 x - 2 potions of degeneration {unknown}
 C - a potion of curing {unknown}
 G - 2 potions of haste {unknown}


   Skills:
 + Level 4.4 Fighting
 + Level 4.4 Short Blades
 + Level 4.4 Long Blades
 + Level 4.4 Axes
 + Level 4.4 Maces & Flails
 + Level 4.4 Polearms
 + Level 4.4 Staves
 + Level 4.4 Ranged Weapons
 + Level 4.4 Throwing
 + Level 5.2 Armour
 + Level 6.4 Dodging
 + Level 4.4 Stealth
 + Level 4.4 Shields
 + Level 4.4 Unarmed Combat
 + Level 5.3 Spellcasting
 + Level 3.6 Conjurations
 + Level 3.6 Hexes
 + Level 3.6 Summonings
 + Level 3.6 Necromancy
 + Level 3.6 Translocations
 + Level 3.6 Transmutations
 + Level 3.6 Fire Magic
 + Level 3.6 Ice Magic
 + Level 5.3 Air Magic
 + Level 3.6 Earth Magic
 + Level 3.6 Poison Magic
 + Level 4.9 Invocations
 + Level 9.7 Evocations


You had 9 spell levels left.
You knew the following spells:

 Your Spells              Type           Power      Damage    Failure   Level
a - Static Discharge      Conj/Air       17%        3-6/arc   8%          2
b - Blink                 Tloc           30%        N/A       11%         2
c - Poisonous Vapours     Pois/Air       34%        N/A       8%          2
d - Ozocubu's Armour      Ice            15%        N/A       22%         3

Your spell library contained the following spells:

 Spells                   Type           Power      Damage    Failure   Level
 Apportation              Tloc           30%        N/A       7%          1
 Sting                    Tmut/Pois      60%        1d6       7%          1
 Scorch                   Fire           30%        2d7       11%         2
 Lesser Beckoning         Tloc           15%        N/A       22%         3
 Flame Wave               Conj/Fire      15%        2d7       56%         4
 Olgreb's Toxic Radiance  Pois           15%        N/A       56%         4
 Alistair's Intoxication  Tmut/Pois      10%        N/A       89%         5
 Manifold Assault         Tloc           15%        N/A       89%         5
 Metabolic Englaciation   Hex/Ice        7%         N/A       89%         5
 Simulacrum               Ice/Necr       7%         N/A       100%        6
 Summon Cactus Giant      Summ           7%         N/A       100%        6


Dungeon Overview and Level Annotations

Branches:
Dungeon (6/15)             Temple (1/1) D:5

Altars:
Cheibriados
Fedhas
Gozag
Hepliaklqana
Kikubaaqudgha
Makhleb
Okawaru
Qazlal
Ru
Sif Muna
Trog
Wu Jian
Xom
Yredelemnul
Zin
The Shining One

Shops:
D:1 (   D:4 (

Annotations:
D:6 Maggie


Innate Abilities, Weirdness & Mutations

Your life essence is reduced to manifest your ancestor. (-10% HP)
You have very sharp teeth.
Your uncanny sense of smell can sniff out nearby items.
Your experience applies equally to all skills.


Message History

Maggie draws you further into her thrall.
You hit Maggie. You burn Maggie.
Maggie is moderately wounded.
Maggie hits you with a +0 scimitar!
You slash Maggie! You burn Maggie.
Maggie is moderately wounded.
Maggie closely misses you.
You hit Maggie. You burn Maggie. You bite Maggie, but do no damage.
Maggie is moderately wounded.
Maggie hits you with a +0 scimitar. Maggie barely misses you.
You slash Maggie! You burn Maggie.
Maggie is heavily wounded.
Maggie hits you with a +0 scimitar.
You hit Maggie. You burn Maggie.
Maggie is heavily wounded.
Maggie hits you with a +0 scimitar.
Casting: Poisonous Vapours (safe; 8% risk of failure)
Confirm with . or Enter, or press ? or * to list all spells.
You miscast Static Discharge.
You are very lightly contaminated with residual magic.
Nothing appears to happen.
Maggie looks more healthy.
Maggie hits you with a +0 scimitar.
You hit Maggie. You burn Maggie.
Maggie is severely wounded.
Maggie points at you and mumbles some strange words.
The bolt of fire hits you!
You slash Maggie! You burn Maggie.
Maggie is almost dead.
You kill the adder!
Maggie casts a spell at you. The bolt of fire hits you!
You hit Maggie. You burn Maggie. Your bite misses Maggie.
Maggie is almost dead.
Maggie hits you with a +0 scimitar.
You closely miss Maggie. Your bite misses Maggie.
Maggie is almost dead.
You break out of your daze.
Maggie casts a spell at you. The bolt of fire hits you!!
You die...

##...........###.....##
#.................####
#.....................
##....................
#........############
##.....### #....##
###.## #.@# #@## #† .o
... .... ..... ......


You could see Maggie and an orc.

Vanquished Creatures
  Pikel (D:6)
  Eustachio (D:6)
  2 water moccasins
  2 ice beasts
  3 ogres
  An orc warrior (D:6)
  A centaur (D:5)
  A phantom (D:6)
  A lemure (D:6)
  A bullfrog (D:5)
  2 scorpions
  A gnoll bouda (D:5)
  3 hounds
  2 jellies (D:6)
  3 orc priests
  Jessica (D:3)
  Ijyb (D:4)
  3 iguanas
  3 orc wizards
  7 adders
  3 gnolls (D:5)
  A shadow imp (D:4)
  4 white imps
  An ufetubus (D:5)
  A dart slug (D:5)
  3 worms
  16 orcs
  5 bats
  7 endoplasms
  3 giant cockroaches
  7 goblins
  4 hobgoblins
  6 jackals
  7 quokkas
  A ball python (D:3)
  3 frilled lizards
  8 kobolds
  5 rats
125 creatures vanquished.

Vanquished Creatures (others)
  An ancestor (D:6)
  An orc (D:6)
2 creatures vanquished.

Grand Total: 127 creatures vanquished

Notes
Turn   | Place    | Note
-------+----------+-------------------------------------------
     0 | D:1      | LustLizard the Gnoll Wanderer began the quest for the Orb.
     0 | D:1      | LustLizard set off with the following items: a +0 dagger, a
                  | +0 cloak, a scroll of teleportation, a +0 robe, a wand of
                  | flame (16); and the following spells available to memorise:
                  | Poisonous Vapours, Static Discharge.
     0 | D:1      | Reached XP level 1. HP: 13/13 MP: 4/4
   128 | D:1      | Reached XP level 2. HP: 8/19 MP: 5/5
   570 | D:1      | Learned a level 2 spell: Static Discharge
   639 | D:1      | Learned a level 2 spell: Blink
   642 | D:1      | Learned a level 2 spell: Poisonous Vapours
   957 | D:1      | Found Jefotwe's Weapon Shop.
  1309 | D:1      | Reached XP level 3. HP: 25/25 MP: 7/7
  1718 | D:2      | Reached skill level 1 in Invocations
  2034 | D:2      | Reached skill level 1 in Fighting
  2034 | D:2      | Reached skill level 1 in Short Blades
  2034 | D:2      | Reached skill level 1 in Long Blades
  2034 | D:2      | Reached skill level 1 in Axes
  2034 | D:2      | Reached skill level 1 in Maces & Flails
  2034 | D:2      | Reached skill level 1 in Polearms
  2034 | D:2      | Reached skill level 1 in Staves
  2034 | D:2      | Reached skill level 1 in Ranged Weapons
  2034 | D:2      | Reached skill level 1 in Throwing
  2034 | D:2      | Reached skill level 1 in Stealth
  2034 | D:2      | Reached skill level 1 in Shields
  2034 | D:2      | Reached skill level 1 in Unarmed Combat
  2260 | D:2      | Found a faded altar of an unknown god.
  2440 | D:3      | You fall into a shaft and drop 1 floor!
  2466 | D:4      | Reached XP level 4. HP: 24/32 MP: 8/8
  2472 | D:4      | Found Kehatea's Weapon Boutique.
  2604 | D:4      | Noticed an ogre
  2690 | D:4      | Killed an ogre
  2691 | D:4      | Reached skill level 1 in Conjurations
  2691 | D:4      | Reached skill level 1 in Hexes
  2691 | D:4      | Reached skill level 1 in Summonings
  2691 | D:4      | Reached skill level 1 in Necromancy
  2691 | D:4      | Reached skill level 1 in Translocations
  2691 | D:4      | Reached skill level 1 in Transmutations
  2691 | D:4      | Reached skill level 1 in Fire Magic
  2691 | D:4      | Reached skill level 1 in Ice Magic
  2691 | D:4      | Reached skill level 1 in Earth Magic
  2691 | D:4      | Reached skill level 1 in Poison Magic
  2691 | D:4      | Reached XP level 5. HP: 7/37 MP: 0/9
  2901 | D:4      | Reached XP level 6. HP: 44/44 MP: 11/11
  3165 | D:4      | Noticed Ijyb
  3408 | D:4      | Killed Ijyb
  3409 | D:4      | Reached skill level 5 in Dodging
  3646 | D:3      | Found a shimmering blue altar of Sif Muna.
  3856 | D:3      | Noticed Jessica
  3864 | D:3      | Killed Jessica
  4090 | D:5      | Entered Level 5 of the Dungeon
  4177 | D:5      | Found a staircase to the Ecumenical Temple.
  4185 | Temple   | Entered the Ecumenical Temple
  4262 | Temple   | Became a worshipper of Hepliaklqana the Forgotten
  4339 | D:5      | Reached XP level 7. HP: 36/50 MP: 0/12
  4517 | D:5      | Reached skill level 9 in Evocations
  4602 | D:5      | Found a stormy altar of Qazlal.
  5121 | D:5      | Found a snail-covered altar of Cheibriados.
  5173 | D:5      | Reached XP level 8. HP: 58/58 MP: 11/14
  5350 | D:6      | Learned a level 3 spell: Ozocubu's Armour
  6056 | D:6      | Noticed Eustachio
  6072 | D:6      | Killed Eustachio
  6246 | D:6      | Reached skill level 5 in Air Magic
  6459 | D:6      | Noticed Pikel
  6475 | D:5      | Reached XP level 9. HP: 45/65 MP: 9/16
  6632 | D:6      | Killed Pikel
  6633 | D:6      | Reached skill level 5 in Armour
  6633 | D:6      | Reached skill level 5 in Spellcasting
  6803 | D:6      | Reached * piety under Hepliaklqana
  6899 | D:6      | Noticed Maggie
  6925 | D:6      | Killed from afar by Maggie

Illustrated notes

Levels and vault maps discovered:
D:1:      minmay_arrival_hallway, layout_loops_ring, serial_shops, shop
D:2:      layout_loops_cross, ebering_ecumenical_altar_sacrificial
D:3:      layout_rooms, lemuel_doored_altar, uniq_jessica
D:4:      layout_loops_ring, serial_shops, kennysheep_mini_moat,
          nrook_mini_backslash, uniq_ijyb
D:5:      layout_basic, general_overflow_altar,
          nicolae_qazlal_scattered_showers, minmay_temple_entry_offerings
D:6:      layout_cave_pods, uniq_pikel, uniq_eustachio, uniq_maggie
Temple:   dshaligram_water_room_temple

Skill      XL: |  1  2  3  4  5  6  7  8  9 |
---------------+----------------------------+-----
Invocations    | 1 2 3 4 |  4.9
Fighting       | 1 2 3 4 |  4.4
Short Blades   | 1 2 3 4 |  4.4
Long Blades    | 1 2 3 4 |  4.4
Axes           | 1 2 3 4 |  4.4
Maces & Flails | 1 2 3 4 |  4.4
Polearms       | 1 2 3 4 |  4.4
Staves         | 1 2 3 4 |  4.4
Ranged Weapons | 1 2 3 4 |  4.4
Throwing       | 1 2 3 4 |  4.4
Stealth        | 1 2 3 4 |  4.4
Shields        | 1 2 3 4 |  4.4
Unarmed Combat | 1 2 3 4 |  4.4
Spellcasting   | 3 4 5 |  5.3
Armour         | 3 4 5 |  5.2
Conjurations   | 1 2 3 |  3.6
Hexes          | 1 2 3 |  3.6
Summonings     | 1 2 3 |  3.6
Necromancy     | 1 2 3 |  3.6
Translocations | 1 2 3 |  3.6
Transmutations | 1 2 3 |  3.6
Fire Magic     | 1 2 3 |  3.6
Ice Magic      | 1 2 3 |  3.6
Air Magic      | 4 5 |  5.3
Earth Magic    | 1 2 3 |  3.6
Poison Magic   | 1 2 3 |  3.6
Dodging        | 5 6 |  6.4
Evocations     | 9 |  9.7

Action                   |  1- 3 |  4- 6 |  7- 9 || total
-------------------------+-------+-------+-------++-------
Melee: Dagger            |   105 |    88 |    41 ||   234
       Bite              |     9 |     6 |     7 ||    22
       Punch             |     1 |     1 |     2 ||     4
       Falchion          |       |       |    43 ||    43
 Cast: Static Discharge  |    17 |    19 |    43 ||    79
       Poisonous Vapours |     2 |     1 |    51 ||    54
       Blink             |       |       |     1 ||     1
       Ozocubu's Armour  |       |       |     1 ||     1
  Use: Scroll            |       |     6 |     1 ||     7
 Stab: Distracted        |       |     1 |       ||     1
       Sleeping          |       |     2 |       ||     2
Armor: Robe              |    29 |       |       ||    29
       Leather armour    |     6 |    24 |    25 ||    55
       Ring mail         |       |       |     7 ||     7
Dodge: Dodged            |    94 |    55 |    67 ||   216
